 Dungeon Crawl Stone Soup version 0.30-a0-946-gec5dcfc036 (console) character file.

Game seed: 5886706360173402768

19928 utis the Carver (level 12, 0/76 HPs)
             Began as a Tengu Wanderer on Mar 27, 2023.
             Slain by an entropy weaver (14 damage)
             ... on level 11 of the Dungeon.
             The game lasted 01:09:35 (17958 turns).

utis the Carver (Tengu Wanderer)                   Turns: 17958, Time: 01:09:36

Health: 0/76       AC: -4    Str: 18    XL:     12   Next: 74%
Magic:  18/18      EV: 17    Int: 17    God:
Gold:   330        SH:  5    Dex: 15    Spells: 2/18 levels left

rFire   + + +      SeeInvis +    a - +2 dagger (elec)
rCold   x . .      Faith    .    d - +0 buckler {AC+3}
rNeg    . . .      Spirit   .    K - +3 ring mail {rF+}
rPois   .          Reflect  .    q - +2 hat
rElec   .          Rampage  .    U - +1 cloak
rCorr   .                        D - +2 pair of gloves
Will    .....                    (boots unavailable)
Stlth   +                        f - amulet "Jeum" {Drain rF+ Regen+ SInv}
HPRegen 1.12/turn                S - +6 ring of strength
MPRegen 0.16/turn                F - ring of fire

@: corroded, flying quickly and evasively, quick
A: beak, talons 3, nimble flight
a: no special abilities


You were on level 11 of the Dungeon.
You visited 1 branch of the dungeon, and saw 11 of its levels.
You also visited: Bailey.

You collected 756 gold pieces.
You spent 426 gold pieces at shops.

Inventory:

Hand Weapons
 a - a +2 dagger of electrocution (weapon)
 O - a +6 triple sword of electrocution
 T - a +1 whip of pain
Missiles
 x - 37 poisoned darts
 B - 24 javelins (quivered)
Armour
 d - a +0 buckler of protection (worn)
 o - +0 acid dragon scales
 q - a +2 hat (worn)
 D - a +2 pair of gloves (worn)
 K - a +3 ring mail of fire resistance (worn)
 U - a +1 cloak (worn)
Jewellery
 e - a +5 ring of evasion
 f - the amulet "Jeum" (around neck) {Drain rF+ Regen+ SInv}
   (You took it off a centaur warrior on level 9 of the Dungeon)

   [amulet of regeneration]

   rF:        It protects you from fire.
   SInv:      It lets you see invisible.
   Regen:     It increases your rate of health regeneration.
   Drain:     It drains your maximum health when unequipped.
 k - the ring of the Sharing Gods {rPois rCorr Str+3 Dex-4}
   (You acquired it on level 7 of the Dungeon)

   [ring of resist corrosion]

   Str:       It affects your strength (+3).
   Dex:       It affects your dexterity (-4).
   rPois:     It protects you from poison.
   rCorr:     It protects you from acid and corrosion.
 F - a ring of fire (right hand)
 G - an amulet of guardian spirit
 H - a ring of willpower
 N - a ring of positive energy
 R - the ring "Fuaciol" {Will+ Stlth+}
   (You found it on level 9 of the Dungeon)

   [ring of willpower]

   Will:      It increases your willpower.
   Stlth:     It makes you more stealthy.
 S - a +6 ring of strength (left hand)
 W - the ring "Ofrehirch" {rN+ Str+6 Int-2 SInv}
   (You found it on level 9 of the Dungeon)

   [ring of strength]

   Str:       It affects your strength (+6).
   Int:       It affects your intelligence (-2).
   rN:        It protects you from negative energy.
   SInv:      It lets you see invisible.
 X - a +6 ring of dexterity
Wands
 p - a wand of roots (11)
 v - a wand of paralysis (25)
 J - a wand of polymorph (21)
 Z - a wand of flame (24)
Scrolls
 c - 5 scrolls of teleportation {@r4}
 r - a scroll of amnesia {unknown}
 u - 3 scrolls of fog
 y - a scroll of torment {unknown}
 z - 4 scrolls of immolation
 C - a scroll of fear
 E - 4 scrolls of enchant armour
 I - a scroll of butterflies
 M - 2 scrolls of enchant weapon
 Q - a scroll of identify {@r1}
 Y - a scroll of blinking {unknown}
Potions
 g - a potion of magic
 h - 2 potions of lignification
 i - 3 potions of cancellation
 j - 6 potions of curing {@q1}
 l - 2 potions of haste {unknown}
 m - a potion of might
 n - a potion of ambrosia
 s - 3 potions of brilliance
 t - a potion of degeneration {unknown}
 w - a potion of flight {unknown}
 A - 2 potions of attraction {unknown}
 L - 2 potions of invisibility
 P - a potion of heal wounds {@q2}
 V - 2 potions of mutation {unknown}
Miscellaneous
 b - a tin of tremorstones (2/2)


   Skills:
 - Level 9.0 Fighting
 - Level 3.0(7.1) Short Blades
 * Level 10.1(10.3) Long Blades
 - Level 3.2 Armour
 + Level 9.3 Dodging
 - Level 4.0 Shields
 + Level 3.6 Spellcasting
 - Level 10.0 Conjurations
 - Level 4.0 Summonings
 - Level 0.8 Necromancy
 + Level 1.5 Translocations
 + Level 7.8 Fire Magic
 - Level 8.0 Air Magic
 - Level 3.0 Evocations


You had 2 spell levels left.
You knew the following spells:

 Your Spells              Type           Power      Damage    Failure   Level
k - Airstrike             Air            15%        2d(3-19)  14%         4
p - Summon Lightning Spi  Summ/Air       23%        N/A       32%         4
t - Static Discharge      Conj/Air       66%        2-5/arc   1%          2
v - Blink                 Tloc           16%        N/A       30%         2
y - Sticky Flame          Conj/Fire      50%        2d7       10%         4

Your spell library contained the following spells:

 Spells                   Type           Power      Damage    Failure   Level
 Momentum Strike          Conj/Tloc      44%        3d9       5%          2
 Summon Small Mammal      Summ           64%        N/A       8%          1
 Cigotuvi's Dreadful Rot  Necr/Pois/Air  26%        N/A       17%         2
 Apportation              Tloc           16%        N/A       21%         1
 Necrotise                Necr           24%        1d5       26%         1
 Lesser Beckoning         Tloc           16%        N/A       30%         2
 Ignite Poison            Fire/Tmut/Pois 17%        N/A       36%         3
 Plasma Beam              Fire/Air       22%        2x1d37    38%         5
 Malign Gateway           Summ/Tloc      6%         N/A       100%        7
 Borgnjor's Revivificati  Necr           3%         N/A       100%        8
 Ignition                 Fire           22%        3d8       100%        8
 Necromutation            Tmut/Necr      2%         N/A       100%        8
 Summon Horrible Things   Summ           8%         N/A       100%        8
 Death's Door             Necr           3%         N/A       100%        9


Dungeon Overview and Level Annotations

Branches:
Dungeon (11/15)            Temple (0/1) D:7            Lair (0/5) D:11
    Orc (0/2) D:10         Bailey (visited)

Altars:
Cheibriados
Dithmenos
Elyvilon
Trog
Vehumet
Wu Jian
Xom
Zin

Shops:
D:2 [[[   D:6 (


Innate Abilities, Weirdness & Mutations

You have a beak for a mouth.
You have claws for feet.
Your magical nature lets you fly swiftly and evasively.


Message History

The entropy weaver hits itself but does no damage.
The entropy weaver hits itself.
The entropy weaver hits itself!
There is a stone staircase leading down here.
The fire crab completely misses you. The fire crab claws you!
You are engulfed in flames.
You resist.
There is a stone staircase leading down here.
You feel less confused. The fire crab bites you!
You are engulfed in flames.
You resist.
* * * LOW HITPOINT WARNING * * *
The fire crab completely misses you.
The entropy weaver hits itself.
The entropy weaver hits itself but does no damage.
The entropy weaver hits itself!
The entropy weaver hits itself but does no damage.
You catch the helpless entropy weaver completely off-guard!
You puncture the entropy weaver! Your kick misses the entropy weaver.
You peck the entropy weaver, but do no damage.
The entropy weaver is almost dead.
The fire crab bites you.
* * * LOW HITPOINT WARNING * * *
You are engulfed in flames.
You resist.
* * * LOW HITPOINT WARNING * * *
The fire crab claws you!
* * * LOW HITPOINT WARNING * * *
You are engulfed in flames.
You resist.
* * * LOW HITPOINT WARNING * * *
The entropy weaver seems less confused.
The entropy weaver misses you. The entropy weaver barely misses you.
The entropy weaver hits you.
* * * LOW HITPOINT WARNING * * *
The entropy weaver barely misses you. The fire crab bites you.
* * * LOW HITPOINT WARNING * * *
You are engulfed in flames.
You resist.
* * * LOW HITPOINT WARNING * * *
The fire crab closely misses you.
You closely miss the entropy weaver. Your kick misses the entropy weaver.
Your peck misses the entropy weaver.
The entropy weaver is almost dead.
The entropy weaver closely misses you. The entropy weaver hits you.
* * * LOW HITPOINT WARNING * * *
The entropy weaver hits you!
You die...

▒.▒ ░B░ ▒.▒ ░t░ ▒.▒
▒░°░ ▒.▒ ▒..░░░░░ ▒÷▒
▒.B.°..░ ▒.▒
▒..░░░.░░░░░ ▒.....B.÷
▒░░░.......░ ▒▒▒▒▒▒▒▒▒
░...B...░ ....░░░░░░
░..Q....░ .........░
░.t.....░
.........░░░░░.......░
.....................░
.░░......░░░░░.......░
░░░......░░░░░.░░.░░░░
....░░░░.░░.......░
....░ ░.░░.░░.░░░░
░░░░░ ░.░░.░░.░


You could see an entropy weaver and a fire crab.

Vanquished Creatures
  2 centaur warriors (D:9)
  A boulder beetle (shapeshifter) (D:9)
  A boulder beetle (D:9)
  3 two-headed ogres
  3 fire crabs (D:11)
  A deep elf pyromancer (D:10)
  An ugly thing (D:9)
  4 cyclopes
  An unseen horror (D:11)
  Psyche (D:10)
  A kobold demonologist (D:9)
  3 trolls
  2 hornets
  Grinder (D:3)
  Sigmund (D:3)
  2 shadows
  A wyvern (D:10)
  9 yaks
  2 steam dragons (D:9)
  4 vampire mosquitoes (D:11)
  A two-headed ogre zombie (D:10)
  Edmund (D:6)
  2 acid dragons
  5 black bears
  Duvessa (D:4)
  10 orc warriors
  An ice beast (D:7)
  2 sky beasts (D:7)
  2 ogres
  12 centaurs
  2 phantoms (D:10)
  5 kobold brigands
  Blork the orc (D:6)
  A bullfrog (D:8)
  5 scorpions
  19 wights
  Dowan (D:4)
  2 troll zombies (D:10)
  21 killer bees
  2 howler monkeys (D:9)
  A hound (D:6)
  2 jellies
  5 orc priests
  3 orc wizards
  3 sleepcaps
  An iguana (D:4)
  Natasha (thrice) (D:3)
  4 ogre zombies (D:10)
  Robin (D:3)
  5 adders
  A shadow imp (D:6)
  3 white imps
  2 worms
  6 dart slugs
  35 orcs
  6 bats
  9 endoplasms
  5 giant cockroaches
  15 goblins
  13 hobgoblins
  6 jackals
  23 kobolds
  3 quokkas
  8 ball pythons
  3 frilled lizards
  2 goblin skeletons (D:10)
  2 goblin zombies (D:10)
  2 hobgoblin skeletons (D:10)
  3 hobgoblin zombies (D:10)
  16 orc zombies (D:10)
  2 rats
333 creatures vanquished.

Vanquished Creatures (collateral kills)
  A shadow (D:10)
  A troll zombie (D:10)
2 creatures vanquished.

Vanquished Creatures (others)
  A nameless horror (D:11)
  3 fungi (D:3)
  53 plants
57 creatures vanquished.

Grand Total: 392 creatures vanquished

Notes
Turn   | Place    | Note
-------+----------+-------------------------------------------
     0 | D:1      | utis the Tengu Wanderer began the quest for the Orb.
     0 | D:1      | utis set off with the following items: a +0 dagger, a +0
                  | ring mail, a scroll of teleportation {@r4}, a +0 buckler of
                  | protection; and the following spells available to memorise:
                  | Static Discharge, Cigotuvi's Dreadful Rot.
     0 | D:1      | Reached XP level 1. HP: 10/10 MP: 3/3
   147 | D:1      | Reached skill level 1 in Fighting
   147 | D:1      | Reached XP level 2. HP: 16/16 MP: 4/4
   150 | D:1      | Learned a level 2 spell: Static Discharge
   500 | D:1      | Reached skill level 1 in Conjurations
   550 | D:1      | Reached XP level 3. HP: 20/20 MP: 5/5
  1214 | D:2      | Found Ogradarr's Armour Boutique.
  1249 | D:2      | Bought a +0 hat for 40 gold pieces
  1303 | D:2      | Reached XP level 4. HP: 26/26 MP: 6/6
  1335 | D:2      | Identified the +5 dagger "Risibuow" {heavy, rElec rF- Str+3
                  | Int+2}
  1498 | D:2      | Found Emaesu's Antique Armour Boutique.
  1551 | D:2      | Found Qutetiop's Antique Armour Shop.
  1888 | D:3      | Noticed an ogre
  1924 | D:3      | Noticed Sigmund
  1962 | D:3      | Killed Sigmund
  1963 | D:3      | Gained mutation: Your magical nature lets you fly swiftly
                  | and evasively. [Tengu growth]
  1963 | D:3      | Reached XP level 5. HP: 32/32 MP: 7/7
  1963 | D:3      | Reached XP level 6. HP: 36/36 MP: 8/8
  1970 | D:3      | Learned a level 4 spell: Sticky Flame
  2172 | D:3      | Noticed Robin
  2186 | D:3      | Killed Robin
  2254 | D:3      | Noticed Grinder
  2254 | D:3      | Paralysed by Grinder for 3 turns
  2295 | D:3      | Paralysed by Grinder for 5 turns
  2309 | D:3      | Killed Grinder
  2310 | D:3      | Reached XP level 7. HP: 41/41 MP: 9/9
  2472 | D:3      | Noticed Natasha
  2486 | D:3      | Killed Natasha
  2540 | D:3      | Noticed Natasha
  2554 | D:3      | Killed Natasha
  2607 | D:3      | Noticed Natasha
  2617 | D:3      | Killed Natasha
  2672 | D:3      | Found a snail-covered altar of Cheibriados.
  2676 | D:3      | Found a radiant altar of Vehumet.
  2806 | D:2      | Bought a shiny ring mail for 126 gold pieces
  2961 | D:3      | Reached skill level 5 in Conjurations
  3126 | D:3      | Found a faded altar of an unknown god.
  3531 | D:4      | Found a bloodstained altar of Trog.
  3531 | D:4      | Noticed Dowan
  3577 | D:3      | Reached XP level 8. HP: 33/48 MP: 10/10
  3636 | D:4      | Reached skill level 5 in Dodging
  3727 | D:4      | Found a glowing silver altar of Zin.
  4294 | D:4      | Noticed Duvessa
  4338 | D:4      | Killed Duvessa
  4815 | D:4      | Killed Dowan
  4851 | D:5      | Entered Level 5 of the Dungeon
  4981 | D:5      | Reached skill level 1 in Short Blades
  5068 | D:5      | Found a shadowy altar of Dithmenos.
  5427 | D:5      | Reached skill level 5 in Fighting
  5430 | D:5      | Reached XP level 9. HP: 50/54 MP: 9/11
  5655 | D:6      | Noticed Blork the orc
  5678 | D:6      | Killed Blork the orc
  5938 | D:6      | Found a white marble altar of Elyvilon.
  6063 | D:6      | Found Cuhegguo's Weapon Shop.
  6135 | D:6      | Reached skill level 5 in Fire Magic
  6509 | D:6      | Noticed Edmund
  6530 | D:6      | Killed Edmund
  6850 | D:7      | Identified a scroll of acquirement
  6850 | D:7      | Acquired the ring of the Sharing Gods {rPois rCorr Str+3
                  | Dex-4}
  6868 | D:7      | Found a flagged portal.
  6877 | Bailey   | Entered a bailey
  7333 | Bailey   | Learned a level 2 spell: Blink
  7621 | Bailey   | Reached XP level 10. HP: 40/61 MP: 8/12
  8420 | D:7      | Found a staircase to the Ecumenical Temple.
  8456 | D:7      | Reached skill level 1 in Long Blades
  9105 | D:8      | Identified the +4 morningstar "Rimutaig" {protect, *Slow
                  | rF+ Dex+3}
  9953 | D:9      | Reached skill level 10 in Conjurations
 10011 | D:9      | Reached skill level 5 in Air Magic
 10194 | D:9      | Noticed a two-headed ogre
 10221 | D:9      | Killed a two-headed ogre
 10241 | D:9      | Found a shimmering altar of Xom.
 10325 | D:9      | Noticed a kobold demonologist
 10330 | D:9      | Killed a kobold demonologist
 10331 | D:9      | Reached skill level 5 in Long Blades
 10507 | D:9      | Reached XP level 11. HP: 59/67 MP: 6/14
 11108 | D:9      | Learned a level 4 spell: Airstrike
 11437 | D:9      | Noticed a centaur warrior
 11437 | D:9      | Noticed a cyclops
 11437 | D:9      | Noticed a centaur warrior
 11447 | D:9      | Noticed a cyclops
 11449 | D:9      | Killed a cyclops
 11452 | D:9      | Identified the amulet "Jeum" {Drain rF+ Regen+ SInv}
 11455 | D:9      | Killed a centaur warrior
 11956 | D:9      | Killed a centaur warrior
 12039 | D:9      | Killed a cyclops
 12080 | D:9      | Learned a level 4 spell: Summon Lightning Spire
 12101 | D:9      | Noticed a red ugly thing
 12101 | D:9      | Noticed a cyclops
 12200 | D:9      | Killed a red ugly thing
 12281 | D:9      | Killed a cyclops
 12282 | D:9      | Reached skill level 1 in Summonings
 12318 | D:9      | Noticed a boulder beetle
 12345 | D:9      | Killed a boulder beetle
 12447 | D:9      | Noticed a boulder beetle
 12502 | D:9      | Killed a boulder beetle
 12663 | D:9      | Identified the ring "Fuaciol" {Will+ Stlth+}
 12672 | D:9      | Identified the ring "Ofrehirch" {rN+ Str+6 Int-2 SInv}
 12774 | D:10     | Entered Level 10 of the Dungeon
 12791 | D:10     | Noticed Psyche
 13072 | D:10     | Noticed a deep elf pyromancer
 13112 | D:10     | Killed a deep elf pyromancer
 13113 | D:10     | Reached XP level 12. HP: 75/75 MP: 0/17
 13667 | D:10     | Killed Psyche
 13822 | D:10     | Found an ornate altar of the Wu Jian Council.
 13824 | D:10     | Noticed a two-headed ogre
 14171 | D:10     | Killed a two-headed ogre
 14447 | D:10     | Found a staircase to the Orcish Mines.
 14665 | D:10     | Noticed a two-headed ogre
 14680 | D:10     | Killed a two-headed ogre
 15585 | D:11     | Found a staircase to the Lair.
 16644 | D:11     | Found a runed translucent door.
 17225 | D:2      | Bought a +3 ring mail of fire resistance for 260 gold
                  | pieces
 17511 | D:11     | Reached skill level 1 in Translocations
 17640 | D:11     | Reached skill level 10 in Long Blades
 17893 | D:11     | Noticed an entropy weaver
 17958 | D:11     | Slain by an entropy weaver

Illustrated notes

Levels and vault maps discovered:
D:1:      lightli_arrival_noodles, layout_loops_ring, serial_bayou,
          serial_bayou_ford_a, serial_bayou_lagoon_a, serial_bayou_pond_d,
          serial_bayou_pond_b
D:2:      layout_rooms, serial_shops, shop, shop,
          nicolae_shop_overgrown_old_shop, nrook_mini_vaults
D:3:      layout_basic, minitemple, shapermc_ecumenical_altar_mp_urbaneastern,
          uniq_grinder, uniq_sigmund, uniq_natasha, uniq_robin
D:4:      layout_cave_pools, trog_ov_bears_minmay, mainiacjoe_overflow_catwalk,
          uniq_duvessa
D:5:      layout_basic, mainiacjoe_overflow_cross_hatched, sigmund_army
D:6:      layout_basic, elyvilon_altar_1, serial_shops, shop, minmay_crossroads,
          uniq_edmund, uniq_blork_the_orc
D:7:      layout_loops_cross, minmay_temple_entry_glassed_door, enter_bailey_8,
          hangedman_abyss_or_decor_passed
D:8:      layout_cave_pools, minmay_holes
D:9:      minmay_the_grid_triangle_9x9_rhombus_full
          [minmay_the_grid_triangle_9x9_shrine,
          minmay_the_grid_triangle_9x9_descending_squares,
          minmay_the_grid_triangle_9x9_limited_checkers,
          minmay_the_grid_triangle_9x9_from_above,
          minmay_the_grid_triangle_9x9_thin_v,
          minmay_the_grid_triangle_9x9_flanged_cone,
          minmay_the_grid_triangle_9x9_sparse_checkered,
          minmay_the_grid_triangle_9x9_prize_special], layout_basic,
          mainiacjoe_overflow_surrounded_room
D:10:     layout_stronghold, lemuel_tele_altar, zombieorc2_lemuel, uniq_psyche
D:11:     gammafunk_mikee_crab_dinner, layout_loops_cross,
          kennysheep_generic_room_7

Skill      XL: |  1  2  3  4  5  6  7  8  9 10 11 12 |
---------------+-------------------------------------+-----
Fighting       | 1 2 3 4 5 6 7 8 9 |  9.0
Dodging        | 2 3 4 5 7 8 9 |  9.3
Conjurations   | 1 2 3 4 5 6 8 10 | 10.0
Air Magic      | 2 3 4 6 7 8 |  8.0
Fire Magic     | 2 3 4 5 7 |  7.8
Evocations     | 3 |  3.0
Short Blades   | 1 3 |  3.0
Long Blades    | 5 8 10 | 10.1
Spellcasting   | 3 |  3.6
Summonings     | 2 4 |  4.0
Translocations | 1 |  1.5
Armour         | |  3.2
Shields        | |  4.0
Necromancy     | |  0.8

Action                     |  1- 3 |  4- 6 |  7- 9 | 10-12 || total
---------------------------+-------+-------+-------+-------++-------
  Melee: Dagger            |    95 |    69 |   166 |   594 ||   924
         Kick              |    31 |    24 |   179 |   317 ||   551
         Peck              |    22 |    11 |   118 |   185 ||   336
         Spear             |    30 |     5 |       |       ||    35
         Unarmed           |       |       |    29 |       ||    29
         Short sword       |       |       |   240 |   172 ||   412
  Throw: Stone             |     4 |       |     2 |       ||     6
         Javelin           |       |       |       |     4 ||     4
   Cast: Static Discharge  |       |       |     2 |     6 ||     8
         Sticky Flame      |       |       |       |    42 ||    42
         Airstrike         |       |       |       |     6 ||     6
         Summon Lightning  |       |       |       |     5 ||     5
  Evoke: Wand              |       |     7 |       |     4 ||    11
    Use: Scroll            |       |     2 |    20 |     3 ||    25
         Potion            |       |       |     1 |     3 ||     4
   Stab: Paralysed         |       |     8 |       |     3 ||    11
         Sleeping          |       |       |     1 |       ||     1
         Distracted        |       |       |       |     1 ||     1
         Confused          |       |       |       |     1 ||     1
 Armour: Ring mail         |    32 |    15 |    98 |   211 ||   356
         Skin              |       |       |     3 |       ||     3
         Acid dragon scale |       |       |       |     1 ||     1
  Dodge: Dodged            |    52 |    17 |   350 |   642 ||  1061
  Block: Buckler           |    19 |    13 |   130 |   181 ||   343

Table legend: (Time is in decaauts)
 A = Elapsed time spent in this place.
 B = Non-inter-level travel time spent in this place.
 C = Inter-level travel time spent in this place.
 D = Time resting spent in this place.
 E = Time spent auto-exploring this place.
 F = Levels seen in this place.
 G = Mean time per level.
                   A        B        C        D        E       F      G
               +--------+--------+--------+--------+--------+-----+--------+
         Total |  16957 |  15915 |   1042 |   4413 |   7358 |  12 | 1413.1 |
       Dungeon |  15762 |  14720 |   1042 |   4168 |   7003 |  11 | 1432.9 |
        Bailey |   1194 |   1194 |      0 |    245 |    355 |   1 | 1194.0 |
               +--------+--------+--------+--------+--------+-----+--------+

Top non-repeatable levels by time:
     D:9: 3016 daAuts
    D:11: 2255 daAuts
    D:10: 2124 daAuts
     D:3: 1762 daAuts
     D:6: 1199 daAuts
  Bailey: 1194 daAuts
     D:1: 1124 daAuts
     D:2: 1090 daAuts
     D:4: 917 daAuts
     D:7: 849 daAuts
     D:5: 747 daAuts
     D:8: 673 daAuts
